 Dungeon Crawl Stone Soup version 0.28.0-53-g5a82cb258f (webtiles) character file.

Game seed: 9571754499933444042

84 Descartes the Ducker (level 4, -3/19 HPs)
             Began as a Felid Wanderer on June 25, 2022.
             Slain by a hound (5 damage)
             ... on level 4 of the Dungeon.
             The game lasted 00:09:22 (4307 turns).

Descartes the Ducker (Felid Wanderer)               Turns: 4307, Time: 00:09:23

Health: -3/19      AC:  1    Str: 10    XL:     4   Next: 23%
Magic:  8/8        EV: 18    Int: 12    God:
Gold:   144        SH:  0    Dex: 16    Spells: 6/7 levels left
                                        Lives:  0   Deaths: 1

rFire   . . .      SeeInvis +     - Unarmed
rCold   . . .      Faith    .   (shield unavailable)
rNeg    . . .      Spirit   .   (armour unavailable)
rPois   .          Reflect  .   (helmet unavailable)
rElec   .          Harm     .   (cloak unavailable)
rCorr   .          Rampage  .   (gloves unavailable)
Will    .....                   (boots unavailable)
Stlth   ++........              (no amulet)
HPRegen 0.06/turn               (no ring)
MPRegen 0.11/turn               (no ring)

@: quick
A: very small, claws 1, fangs 3, see invisible, speed 1, shaggy fur 1, stealthy
paws, no weapons or thrown items, no armour, multi-lived
a: no special abilities


You were on level 4 of the Dungeon.
You visited 1 branch of the dungeon, and saw 4 of its levels.

You collected 144 gold pieces.

Inventory:

Missiles
 f - 54 stones
Jewellery
 c - an amulet of faith
 d - a +6 ring of dexterity
 e - a +6 ring of strength
Scrolls
 a - 2 scrolls of summoning
 b - a scroll of blinking
 g - a scroll of enchant weapon {unknown}
 i - a scroll of magic mapping {unknown}
 k - 4 scrolls of identify {unknown}
 m - a scroll of enchant armour {unknown}
 o - a scroll of torment {unknown}
 p - a scroll of teleportation {unknown}
 q - a scroll of brand weapon {unknown}
Potions
 h - a potion of magic {unknown}
 j - 2 potions of flight {unknown}
 l - 3 potions of invisibility
 n - a potion of mutation {unknown}


   Skills:
 - Level 1.0 Fighting
 * Level 3.9 Dodging
 * Level 3.3 Stealth
 * Level 2.9 Unarmed Combat
 + Level 2.4 Spellcasting
 + Level 1.2 Conjurations
 + Level 1.9 Translocations
 + Level 1.5 Fire Magic
 - Level 1.1 Evocations


You had 6 spell levels left.
You knew the following spells:

 Your Spells              Type           Power      Damage    Failure   Level
a - Foxfire               Conj/Fire      16%        2x1d4     16%         1

Your spell library contained the following spells:

 Spells                   Type           Power      Damage    Failure   Level
 Blink                    Tloc           12%        N/A       19%         2
 Ensorcelled Hibernation  Hex/Ice        2%         N/A       36%         2
 Conjure Flame            Conj/Fire      4%         6-21      41%         3
 Spider Form              Tmut/Pois      1%         N/A       61%         3
 Anguish                  Hex/Necr       0%         N/A       95%         4
 Manifold Assault         Tloc           6%         N/A       97%         5
 Storm Form               Tmut/Air       0%         N/A       100%        7


Dungeon Overview and Level Annotations

Branches:
Dungeon (4/15)
 Temple: D:4-7

Altars:


Innate Abilities, Weirdness & Mutations

You have sharp claws.
You have razor-sharp teeth.
You have supernaturally acute eyesight. (SInv)
You cover ground quickly. (Speed+)
You are covered in fur. (AC +1)
Your paws help you pounce on unaware monsters.
You are incapable of wielding weapons or throwing items.
You cannot wear armour.
You gain extra lives every three experience levels.


Message History

You see here a book of Dreams.
You pick up a book of Dreams and begin reading...
You add the spells Ensorcelled Hibernation, Spider Form and Anguish to your library.
A kobold comes into view. It is wielding a +0 dagger.
The water moccasin skeleton misses you.
You barely miss the water moccasin skeleton.
The water moccasin skeleton bites you.
You scratch the water moccasin skeleton.
You claw the water moccasin skeleton. You bite the water moccasin skeleton.
The water moccasin skeleton is moderately damaged.
The water moccasin skeleton closely misses you.
You completely miss the water moccasin skeleton.
Your claw misses the water moccasin skeleton.
The water moccasin skeleton is moderately damaged.
The water moccasin skeleton misses you. The kobold barely misses you.
Casting: Foxfire (safe; 16% risk of failure)
Confirm with . or Enter, or press ? or * to list all spells.
You conjure some foxfire!
The water moccasin skeleton barely misses you.
The kobold misses you. The water moccasin skeleton bites you!
The foxfire hits the kobold but does no damage.
The foxfire hits the kobold.
The kobold is heavily wounded.
The kobold barely misses you.
Casting: Foxfire (safe; 16% risk of failure)
Confirm with . or Enter, or press ? or * to list all spells.
You conjure some foxfire!
The water moccasin skeleton bites you!
* * * LOW HITPOINT WARNING * * *
The foxfire hits the water moccasin skeleton.
The water moccasin skeleton is moderately damaged.
The foxfire hits the water moccasin skeleton.
The water moccasin skeleton is heavily damaged.
A goblin comes into view. It is wielding a +0 short sword.
The goblin moves out of view.
The goblin shouts!
The goblin throws a stone.
The stone hits you.
* * * LOW HITPOINT WARNING * * *
The hound closely misses you. The hound bites you.
You die...

..# ... ..# ... ..###
...## # ....####.#..#
###. ..#......##.### ...
.## ##..###...##.# .
.#####...........# (..
..##....g.......####.....
.....#.#.......h@<.......
#......#####........l....
####...# ###..###.(....
####..Z#### #.... ......
...#>.....# #.##..##....
##.....##Z# ..###.# .###
##..)^...# .#... ...
..... ....$
####.....h##..... .. .#.#
..... .........g..h..##
$..##.....


You could see an iguana (asleep) and a hound.

Vanquished Creatures
  A hound skeleton (D:4)
  3 gnolls (D:4)
  4 adders
  2 dart slugs (D:2)
  An orc (D:3)
  9 ball pythons
  4 bats
  6 endoplasms
  3 giant cockroaches
  5 goblins
  7 hobgoblins
  6 kobolds
  4 quokkas
  4 frilled lizards
  11 rats
70 creatures vanquished.

Vanquished Creatures (collateral kills)
  A foxfire (D:2)
1 creature vanquished.

Vanquished Creatures (others)
  117 foxfires
  A fungus (D:2)
  A plant (D:2)
119 creatures vanquished.

Grand Total: 190 creatures vanquished

Notes
Turn   | Place    | Note
-------+----------+-------------------------------------------
     0 | D:1      | Descartes the Felid Wanderer began the quest for the Orb.
     0 | D:1      | Descartes set off with the following items: a scroll of
                  | summoning, a scroll of blinking; and the following spell
                  | memorised: Foxfire; and the following spells available to
                  | memorise: Conjure Flame
     0 | D:1      | Reached XP level 1. HP: 9/9 MP: 4/4
   387 | D:1      | Reached XP level 2. HP: 10/12 MP: 1/6
  1382 | D:2      | Reached XP level 3. HP: 9/15 MP: 4/7
  1649 | D:2      | Reached skill level 1 in Translocations
  1717 | D:2      | Found a faded altar of an unknown god.
  2876 | D:3      | Identified the +5 short sword of Autumn {antimagic, rC+
                  | rN+}
  3074 | D:3      | Reached XP level 4. HP: 19/19 MP: 2/8
  3366 | D:3      | Reached skill level 1 in Conjurations
  3942 | D:4      | Slain by a hound
  3943 | D:4      | Reached XP level 3. HP: 0/15 MP: 3/7
  3959 | D:4      | Reached XP level 4. HP: 16/19 MP: 6/8
  4307 | D:4      | Slain by a hound

Illustrated notes

Levels and vault maps discovered:
D:1:      kilobyte_arrival_exit_the_forest, layout_loops_ring
D:2:      layout_basic, dreamdust_ecumenical_altar_hidden_monk_grotto
D:3:      layout_rooms, serial_bayou, serial_bayou_pond_c,
          serial_bayou_lagoon_b, serial_bayou_shore_b, serial_bayou_pond_a,
          minmay_distorted
D:4:      layout_rooms, grunt_ministairs_11

Skill      XL: |  1  2  3  4 |
---------------+-------------+-----
Stealth        | 2 3 |  3.3
Dodging        | 3 |  3.9
Translocations | 1 |  1.9
Conjurations   | 1 |  1.2
Fighting       | |  1.0
Unarmed Combat | |  2.9
Spellcasting   | |  2.4
Fire Magic     | |  1.5
Evocations     | |  1.1

Action                   |  1- 3 |  4- 6 || total
-------------------------+-------+-------++-------
Melee: Unarmed           |    68 |    63 ||   131
       Bite              |     5 |     9 ||    14
       Punch             |       |     3 ||     3
 Cast: Foxfire           |    58 |    13 ||    71
  Use: Potion            |       |     3 ||     3
 Stab: Sleeping          |     7 |     3 ||    10
Armor: Skin              |     5 |     2 ||     7
Dodge: Dodged            |    71 |    69 ||   140
